 Dungeon Crawl Stone Soup version 0.23-a0-667-gc184e93 (webtiles) character file.

1718 Blackhawk the Grappler (level 8, -4/80 HPs)
             Began as a Troll Monk on Jan 8, 2019.
             Slain by a two-headed ogre
             ... wielding a +0 giant club
              (31 damage)
             ... on level 6 of the Dungeon.
             The game lasted 00:07:33 (4536 turns).

Blackhawk the Grappler (Troll Monk)                 Turns: 4536, Time: 00:07:34

Health: -4/80      AC:  6    Str: 20      XL:     8   Next: 75%
Magic:  7/7        EV: 12    Int: 11      God:
Gold:   402        SH:  0    Dex: 13 (14) Spells: 7/7 levels left

rFire    + . .     SeeInvis .     - Unarmed
rCold    . . .     Gourm    +   (no shield)
rNeg     . . .     Faith    .   a - +0 robe
rPois    .         Spirit   .   (helmet restricted)
rElec    .         Reflect  .   o - +0 cloak
rCorr    .         Harm     +   (gloves unavailable)
MR       .....                  (boots unavailable)
Stlth    ++........             x - amulet of harm
HPRegen  0.63/turn              r - +5 ring of intelligence
MPRegen  0.10/turn              v - ring of protection from fire

@: no status effects
A: large, unfitting armour, claws 3, fast metabolism 3, gourmand, regeneration
1, shaggy fur 1, tough skin 2
a: no special abilities


You were on level 6 of the Dungeon.
You were completely stuffed.

You visited 1 branch of the dungeon, and saw 6 of its levels.

You collected 402 gold pieces.

Inventory:

Armour
 a - a +0 robe (worn)
 o - a +0 cloak (worn)
Jewellery
 e - an uncursed amulet of magic regeneration
 r - a +5 ring of intelligence (left claw)
 v - a ring of protection from fire (right claw)
 x - an amulet of harm (around neck)
Wands
 l - a wand of iceblast (11)
 y - a wand of digging (3)
 B - a wand of enslavement (5)
 C - a wand of polymorph (7)
 E - a wand of flame (21)
Scrolls
 c - 2 scrolls of magic mapping {unknown}
 f - 2 scrolls of enchant armour {unknown}
 g - 3 scrolls of teleportation {unknown}
 h - 3 scrolls of remove curse {unknown}
 i - 2 scrolls of random uselessness {unknown}
 n - 3 scrolls of immolation {unknown}
 q - 3 scrolls of amnesia {unknown}
 t - 2 scrolls of blinking {unknown}
Potions
 j - 5 potions of degeneration
 k - a potion of heal wounds
 m - 2 potions of berserk rage
 p - a potion of haste
 s - a potion of invisibility
 u - 2 potions of lignification
 w - 2 potions of flight
 z - a potion of curing
 D - a potion of agility
Comestibles
 b - 10 rations
 d - a chunk of flesh


   Skills:
 + Level 5.2 Fighting
 + Level 5.2 Dodging
 - Level 1.2 Stealth
 * Level 8.5 Unarmed Combat


You had 7 spell levels left.
You didn't know any spells.
Your spell library was empty.

Dungeon Overview and Level Annotations

Branches:
Dungeon (6/15)
 Temple: D:4-7

Altars:
Nemelex Xobeh
Vehumet


Innate Abilities, Weirdness & Mutations

You are too large for most types of armour.
You have claws for hands.
Your metabolism is lightning-fast.
You like to eat raw meat.
Your natural rate of healing is unusually fast.
You are covered in fur. (AC +1)
You have very tough skin. (AC +2)


Message History

You feel sick.
You feel sick.
You feel sick.
The jelly jiggles.
You feel sick.
You feel sick.
You feel sick.
You feel sick.
You feel sick.
You feel sick.
You feel sick.
You feel sick.
The jelly jiggles.
You feel sick.
You feel sick.
You feel sick.
You are no longer poisoned.
The two-headed ogre hits you with a +0 giant club!
The two-headed ogre hits you with a +0 giant club!!
You die...

.# #.# #.# ##.##
##...## #.....#
##########...##
..........#.##
#####.J.....####.
#.##O@.......
#.####..#####
#J####..#
#...J...#
######.## #.# #.#
#.# ###
#.####.#####.##


You could see a two-headed ogre and a jelly.

Vanquished Creatures
  Pikel (D:3)
  Sigmund (D:4)
  Edmund (D:5)
  A water moccasin (D:6)
  An orc warrior (D:4)
  A black bear (D:6)
  2 ogres (D:4)
  A bullfrog (D:5)
  A scorpion (D:6)
  A howler monkey (D:4)
  A quasit (D:6)
  2 hounds
  An orc priest (D:3)
  A jelly (D:6)
  An orc wizard (D:4)
  Crazy Yiuf (D:2)
  Ijyb (D:5)
  A killer bee zombie (D:5)
  Robin (D:4)
  3 gnolls (D:3)
  2 adders
  2 adder skeletons (D:5)
  A dart slug (D:2)
  2 worms
  A leopard gecko (D:6)
  20 orcs
  3 giant cockroaches
  14 goblins
  12 hobgoblins
  10 jackals
  3 quokkas
  A ball python (D:1)
  5 bats
  2 frilled lizards
  5 kobolds
  A leopard gecko zombie (D:5)
  8 rats
116 creatures vanquished.

Vanquished Creatures (others)
  2 slaves (D:4)
  A scorpion (D:4)
  An orc priest (D:4)
4 creatures vanquished.

Grand Total: 120 creatures vanquished

Notes
Turn   | Place    | Note
-------+----------+-------------------------------------------
     0 | D:1      | Blackhawk the Troll Monk began the quest for the Orb.
     0 | D:1      | Reached XP level 1. HP: 22/22 MP: 0/0
    48 | D:1      | Found a sparkling altar of Nemelex Xobeh.
   231 | D:1      | Reached XP level 2. HP: 29/29 MP: 1/1
   841 | D:2      | Found a radiant altar of Vehumet.
  1118 | D:2      | Reached XP level 3. HP: 36/36 MP: 2/2
  1266 | D:2      | You fall through a shaft for 2 floors!
  1302 | D:4      | Noticed a slave
  1302 | D:4      | Noticed a slave
  1304 | D:4      | Noticed Pikel
  1306 | D:4      | Noticed a slave
  1307 | D:4      | Noticed a slave
  1440 | D:2      | Found a runed door.
  1444 | D:2      | Noticed Crazy Yiuf
  1450 | D:2      | Killed Crazy Yiuf
  1722 | D:3      | Reached XP level 4. HP: 39/44 MP: 3/3
  1735 | D:3      | Reached skill level 4 in Unarmed Combat
  1934 | D:3      | Reached XP level 5. HP: 41/53 MP: 4/4
  2335 | D:4      | Noticed an orc warrior
  2374 | D:4      | Noticed an ogre
  2386 | D:3      | Killed Pikel
  2386 | D:3      | Reached skill level 6 in Unarmed Combat
  2386 | D:3      | Reached XP level 6. HP: 48/62 MP: 5/5
  2386 | D:3      | Reached XP level 7. HP: 54/70 MP: 6/6
  2555 | D:4      | Noticed Sigmund
  2563 | D:4      | Killed Sigmund
  2703 | D:4      | Reached skill level 7 in Unarmed Combat
  2711 | D:4      | Reached XP level 8. HP: 33/79 MP: 7/7
  3227 | D:4      | Noticed Robin
  3254 | D:4      | Killed Robin
  3710 | D:5      | Entered Level 5 of the Dungeon
  3888 | D:5      | Noticed Edmund
  3898 | D:5      | Killed Edmund
  3929 | D:5      | Noticed Ijyb
  3947 | D:5      | Killed Ijyb
  4290 | D:6      | Reached skill level 5 in Fighting
  4290 | D:6      | Reached skill level 5 in Dodging
  4290 | D:6      | Reached skill level 8 in Unarmed Combat
  4494 | D:6      | Noticed a two-headed ogre
  4536 | D:6      | Slain by a two-headed ogre

Vault maps used:
D:1:      dpeg_arrival_round_c, nemelex_xobeh_ov_fountains_minmay
D:2:      vehumet_crystals, uniq_crazy_yiuf_cottage
D:4:      kennysheep_goblin_castle, uniq_pikel, uniq_sigmund
D:5:      first_ration, uniq_ijyb, uniq_edmund

Skill      XL: |  1  2  3  4  5  6  7  8 |
---------------+-------------------------+-----
Unarmed Combat | 4 6 7 8 |  8.5
Fighting       | 3 4 5 |  5.2
Dodging        | 3 4 5 |  5.2
Stealth        | |  1.2

Action                   |  1- 3 |  4- 6 |  7- 9 || total
-------------------------+-------+-------+-------++-------
Melee: Unarmed           |    98 |    84 |   170 ||   352
       Punch             |     1 |       |     2 ||     3
  Use: Scroll            |       |       |     9 ||     9
 Stab: Sleeping          |     6 |     1 |     3 ||    10
       Distracted        |     1 |       |       ||     1
  Eat: Chunk             |    21 |     6 |    20 ||    47
Armor: Robe              |    30 |    18 |    60 ||   108
Dodge: Dodged            |    50 |    34 |   113 ||   197

Table legend:
 A = Non-vault XP
 B = Vault XP
 C = Vault XP percentage of total XP
 D = Non-vault monster count
 E = Vault monster count
 F = Vault count percentage of total count
                 A         B        C        D         E       F
            +---------+---------+-------+---------+---------+-------
      Total |    1311 |    1144 |  46.6 |      91 |      25 |  21.6
            +---------+---------+-------+---------+---------+-------
        D:1 |      19 |       0 |   0.0 |      12 |       0 |   0.0
        D:2 |      30 |      39 |  56.5 |      15 |       1 |   6.2
        D:3 |     149 |     651 |  81.4 |      32 |       1 |   3.0
        D:4 |     458 |     264 |  36.6 |       9 |      21 |  70.0
        D:5 |     219 |     190 |  46.5 |      17 |       2 |  10.5
        D:6 |     436 |       0 |   0.0 |       6 |       0 |   0.0
            +---------+---------+-------+---------+---------+-------
